 Dungeon Crawl Stone Soup version 0.29.1-13-g9f3cf754e1 (webtiles) character file.

Game seed: 12738045938835027890

32 retardedninja the Trooper (level 3, -3/33 HPs)
             Began as a Hill Orc Fighter on Jan 19, 2023.
             Slain by a hobgoblin (5 damage)
             ... led by Robin
             ... on level 2 of the Dungeon.
             The game lasted 00:01:11 (988 turns).

retardedninja the Trooper (Hill Orc Fighter)         Turns: 988, Time: 00:01:12

Health: -3/33      AC:  7    Str: 20    XL:     3   Next: 27%
Magic:  3/3        EV:  9    Int:  8    God:
Gold:   9          SH:  4    Dex: 10    Spells: 2/2 levels left

rFire   . . .      SeeInvis .   a - +0 war axe
rCold   . . .      Faith    .   c - +0 buckler
rNeg    . . .      Spirit   .   b - +0 scale mail
rPois   .          Reflect  .   (no helmet)
rElec   .          Harm     .   (no cloak)
rCorr   .          Rampage  .   (no gloves)
Will    .....                   (no boots)
Stlth   ..........              (no amulet)
HPRegen 0.11/turn               (no ring)
MPRegen 0.08/turn               (no ring)

@: brilliant
A: no striking features
a: no special abilities


You were on level 2 of the Dungeon.
You visited 1 branch of the dungeon, and saw 2 of its levels.

You collected 9 gold pieces.

Inventory:

Hand Weapons
 a - a +0 war axe (weapon)
Armour
 b - a +0 scale mail (worn)
 c - a +0 buckler (worn)
Jewellery
 l - a ring of ice
 m - a ring of protection from cold
Scrolls
 f - a scroll of enchant weapon {unknown}
 i - a scroll of fog {unknown}
 k - a scroll of silence {unknown}
Potions
 d - a potion of might
 e - a potion of heal wounds {unknown}
 g - a potion of curing {unknown}
 j - a potion of invisibility {unknown}


   Skills:
 + Level 4.0 Fighting
 + Level 3.3 Axes
 + Level 3.7 Armour
 + Level 3.6 Shields


You had 2 spell levels left.
You didn't know any spells.
Your spell library contained the following spells:

 Spells                   Type           Power      Damage    Failure   Level
 Foxfire                  Conj/Fire      0%         2x1d4     85%         1
 Conjure Flame            Conj/Fire      0%         6-21      99%         3
 Inner Flame              Hex/Fire       0%         N/A       99%         3
 Flame Wave               Conj/Fire      0%         2d4       100%        4


Dungeon Overview and Level Annotations

Branches:
Dungeon (2/15)

Altars:

Annotations:
D:2 Natasha, Robin


Message History

You kill the hobgoblin!
You hit Natasha but do no damage. You completely miss the rat.
You block Natasha's attack. The goblin hits you with a +0 club.
The rat bites you but does no damage. Robin throws the goblin at you!
Natasha claws you! The rat closely misses you. The goblin closely misses you.
The goblin barely misses you. The ball python barely misses you. x2
You barely miss the goblin.
The goblin is severely wounded.
You closely miss the goblin. You hit Natasha but do no damage.
You barely miss the rat. You hit the ball python.
Natasha claws you but does no damage.
The goblin hits you but does no damage. x2
The ball python bites you but does no damage.
The ball python grabs you. The ball python constricts you.
Robin says, "Feeling lonely?"
Robin roars a battlecry!
The goblins go into a battle-frenzy!
You hit the goblin.
You kill the goblin!
You hit the rat.
You kill the rat!
You closely miss the goblin. You miss Natasha. You hit the ball python.
You kill the ball python!
Natasha claws you.
* * * LOW HITPOINT WARNING * * *
The goblin hits you but does no damage. Robin throws the goblin at you!
The goblin barely misses you. Natasha claws you but does no damage.
You hit the goblin.
The goblin is severely wounded.
You hit the goblin. You barely miss Natasha. You barely miss the rat.
You closely miss the hobgoblin. You hit the goblin.
You kill the goblin!
The goblin hits you but does no damage. x2
The rat bites you but does no damage. Natasha claws you.
* * * LOW HITPOINT WARNING * * *
The goblin barely misses you.
Okay, then.
It was a potion of brilliance.
You feel clever all of a sudden. The hobgoblin hits you.
You die...

# . #.
#.##.
......
.....g#
....Zgh###+
...gggr@g.#
..$~~gZgg##
..~~~§§§.#
....§§§P..
...~§.§§.##
...§§§§§..
......§...
.......(..+


You could see Robin, Natasha, 5 hobgoblins, 3 goblins, a rat, an adder skeleton
and a quokka skeleton.

Vanquished Creatures
  3 ball pythons
  A bat (D:1)
  A bat skeleton (D:2)
  6 endoplasms (D:1)
  7 goblins
  3 hobgoblins
  A kobold (D:1)
  A frilled lizard (D:1)
  2 rats
25 creatures vanquished.

Notes
Turn   | Place    | Note
-------+----------+-------------------------------------------
     0 | D:1      | retardedninja the Hill Orc Fighter began the quest for the
                  | Orb.
     0 | D:1      | Reached XP level 1. HP: 19/19 MP: 1/1
   171 | D:1      | Reached XP level 2. HP: 27/27 MP: 2/2
   860 | D:1      | Reached skill level 4 in Fighting
   978 | D:2      | Noticed Natasha
   979 | D:2      | Identified the +2 helmet of the Sacrificial Victim {rF++
                  | Dex+3}
   979 | D:2      | Noticed Robin
   983 | D:2      | Reached XP level 3. HP: 25/33 MP: 3/3
   988 | D:2      | Slain by a hobgoblin

Illustrated notes

Levels and vault maps discovered:
D:1:      psy_arrival_dodecagon, layout_basic,
          nicolae_concentric_dashed_squares_wild
D:2:      layout_rooms, serial_undead, serial_undead_f, serial_undead_b,
          serial_undead_a, serial_undead_b,
          hellmonk_ecumenical_altar_slurped_away, uniq_natasha, uniq_robin,
          uniq_terence

Skill      XL: |  1  2 |
---------------+-------+-----
Axes           | 3 |  3.3
Fighting       | 4 |  4.0
Armour         | |  3.7
Shields        | |  3.6

Action                   || total
-------------------------++-------
Melee: War axe           ||    39
  Use: Potion            ||     1
Armor: Scale mail        ||    34
Dodge: Dodged            ||    25
Block: Buckler           ||     9
